 Dungeon Crawl Stone Soup version 0.21.0-3-g78d12a8 (webtiles) character file.

98 mopl the Slasher (level 4, -5/26 HPs)
             Began as a Tengu Skald on Jan 11, 2018.
             Slain by an ogre
             ... wielding a +0 giant club
              (14 damage)
             ... on level 4 of the Dungeon.
             The game lasted 00:03:51 (2082 turns).

mopl the Slasher (Tengu Skald)                      Turns: 2082, Time: 00:03:52

Health: -5/26      AC:  7    Str: 11    XL:     4   Next: 69%
Magic:  5/8        EV: 12    Int: 15    God:
Gold:   102        SH:  0    Dex: 15    Spells: 2/7 levels left

rFire    . . .     SeeInvis .   t - +0 falchion (slice)
rCold    . . .     Gourm    .   (no shield)
rNeg     . . .     Faith    .   w - +3 leather armour
rPois    .         Spirit   .   (helmet restricted)
rElec    .         Reflect  .   (no cloak)
rCorr    .         Harm     .   j - +0 pair of gloves
MR       .....                  (boots unavailable)
Stlth    +.........             (no amulet)
HPRegen  0.08/turn              v - +2 ring of intelligence
MPRegen  0.11/turn              (no ring)

@: infused
A: beak, talons 3
a: no special abilities


You were on level 4 of the Dungeon.
You were hungry.

You visited 1 branch of the dungeon, and saw 4 of its levels.

You collected 102 gold pieces.

Inventory:

Hand Weapons
 a - a +0 falchion
 t - a +0 falchion of slicing (weapon)
Missiles
 f - 2 needles of sleeping
 i - 11 poisoned needles
 k - 6 javelins (quivered)
 p - 2 javelins of penetration
Armour
 j - a +0 pair of gloves (worn)
 w - a +3 leather armour (worn)
Jewellery
 v - a +2 ring of intelligence (left hand)
Scrolls
 e - a scroll of blinking {unknown}
 m - a scroll of amnesia {unknown}
 n - 6 scrolls of identify {unknown}
 r - 2 scrolls of remove curse {unknown}
Potions
 b - a potion of heal wounds {unknown}
 g - a potion of brilliance {unknown}
 h - a potion of haste {unknown}
 l - a potion of magic {unknown}
 o - 2 potions of lignification {unknown}
 s - a potion of might {unknown}
 u - a potion of curing {unknown}
Books
 c - a book of Battle

   Spells                             Type                      Level
   a - Infusion                       Charms                       1
   b - Shroud of Golubria             Charms/Translocation         2
   c - Song of Slaying                Charms                       2
   d - Spectral Weapon                Hexes/Charms                 3
   e - Regeneration                   Charms/Necromancy            3
Comestibles
 d - 8 rations


   Skills:
 - Level 2.0 Fighting
 * Level 5.2 Long Blades
 - Level 1.1 Armour
 - Level 2.1 Dodging
 - Level 2.0 Spellcasting
 - Level 2.4 Charms


You had 2 spell levels left.
You knew the following spells:

 Your Spells              Type           Power        Failure   Level  Hunger
a - Infusion              Chrm           #...         11%         1    #......
b - Song of Slaying       Chrm           #.......     16%         2    ###....
f - Shroud of Golubria    Chrm/Tloc      #.........   26%         2    ###....


Dungeon Overview and Level Annotations

Branches:
Dungeon (4/15)
 Temple: D:4-7

Altars:
Elyvilon
Qazlal

Annotations:
D:1 fly


Innate Abilities, Weirdness & Mutations

You have a beak for a mouth.
You have claws for feet.


Message History

Aim: an ogre, wielding a giant club You throw a javelin.
The javelin hits the ogre.
The ogre is lightly wounded.
The ogre closely misses you.
Unknown command.
You hit the ogre. You claw the ogre.
The ogre is moderately wounded.
The ogre misses you.
You barely miss the ogre. You claw the ogre, but do no damage.
You peck the ogre.
The ogre is moderately wounded.
You hit the ogre. You claw the ogre, but do no damage.
The ogre is heavily wounded.
The ogre hits you with a giant club!
You are too injured to fight recklessly!
You barely miss the ogre. You claw the ogre.
The ogre is heavily wounded.
The ogre hits you with a giant club!
Ouch! That really hurt!
You die...

# #. #
#.####.####
####..........
#...(O@.#
#.......#
#(......#
#.......#
#.......#
#%.......
.........#
#####.....


You could see an ogre.

Vanquished Creatures
  An adder (D:3)
  2 gnolls (D:4)
  An ooze (D:1)
  A worm (D:3)
  2 dart slugs
  2 leopard geckos
  6 orcs
  2 giant cockroaches
  7 goblins
  4 hobgoblins
  4 jackals (D:1)
  4 bats
  4 frilled lizards
  5 kobolds
  5 rats
50 creatures vanquished.

Notes
Turn   | Place    | Note
-------+----------+-------------------------------------------
     0 | D:1      | mopl the Tengu Skald began the quest for the Orb.
     0 | D:1      | Reached XP level 1. HP: 12/12 MP: 4/4
    65 | D:1      | Reached skill level 3 in Long Blades
    65 | D:1      | Reached XP level 2. HP: 10/17 MP: 6/6
   192 | D:1      | Learned a level 2 spell: Song of Slaying
   195 | D:1      | Learned a level 2 spell: Shroud of Golubria
   528 | D:1      | Reached XP level 3. HP: 18/21 MP: 7/7
   544 | D:1      | Reached skill level 4 in Long Blades
   818 | D:2      | Found a white marble altar of Elyvilon.
  1345 | D:3      | Found a stormy altar of Qazlal.
  1361 | D:3      | Reached XP level 4. HP: 21/26 MP: 1/8
  1904 | D:4      | Reached skill level 5 in Long Blades
  1988 | D:4      | Noticed an ogre
  2074 | D:4      | Noticed an ogre
  2082 | D:4      | Slain by an ogre

Skill      XL: |  1  2  3  4 |
---------------+-------------+-----
Long Blades    | 3 4 5 |  5.2
Fighting       | |  2.0
Armour         | |  1.1
Dodging        | |  2.1
Spellcasting   | |  2.0
Charms         | |  2.4

Action                   |  1- 3 |  4- 6 || total
-------------------------+-------+-------++-------
Melee: Falchion          |    76 |    37 ||   113
       Peck              |    11 |     7 ||    18
       Kick              |    15 |    10 ||    25
Throw: Javelin           |       |     2 ||     2
 Cast: Infusion          |     2 |     3 ||     5
 Stab: Sleeping          |     2 |       ||     2
  Eat: Chunk             |     1 |     2 ||     3
Armor: Leather armour    |    24 |     6 ||    30
Dodge: Dodged            |    54 |    35 ||    89
       Rpst.: Falchion   |    17 |     9 ||    26
